 Dungeon Crawl Stone Soup version 0.31.0-12-g77e489cdc1 (webtiles) character file.

Game seed: 18136174362969733680

835 Gadfly the Sneak (level 7, -7/35 HPs)
             Began as a Spriggan Enchanter on Feb 18, 2024.
             Mangled by peterlawrence's ghost (15 damage)
             ... on level 4 of the Dungeon.
             The game lasted 00:06:26 (4637 turns).

Gadfly the Sneak (Spriggan Enchanter)               Turns: 4637, Time: 00:06:26

Health: -7/35      AC:  3    Str: 10    XL:     7   Next: 66%
Magic:  13/14      EV: 19    Int: 17    God:
Gold:   676        SH:  0    Dex: 17    Spells: 10/15 levels left

rFire   . . .        a - +1 dagger
rCold   . . .        (no shield)
rNeg    . . .        b - +1 robe
rPois   .            (helmet restricted)
rElec   .            (no cloak)
rCorr   .            (gloves unavailable)
SInv    +            (boots unavailable)
Will    +++..        (no amulet)
Stlth   +++          l - ring of Aburi {Fly Will++ Str+6 Slay+3}
HPRegen 0.25/turn    (no ring)
MPRegen 0.14/turn

%: no passive effects
@: flying, very quick
A: very small, no large weapons, unfitting armour, see invisible, speed 3
a: no special abilities


You were on level 4 of the Dungeon.
You visited 1 branch of the dungeon, and saw 4 of its levels.

You collected 676 gold pieces.

Inventory:

Hand Weapons
 a - a +1 dagger (weapon)
Armour
 b - a +1 robe (worn)
Jewellery
 l - the ring of Aburi (left hand) {Fly Will++ Str+6 Slay+3}
   (You found it on level 4 of the Dungeon)

   [ring of strength]

   Str+6:     It affects your strength (+6).
   Slay+3:    It affects your accuracy & damage with ranged weapons and melee
   (+3).
   Will++:    It greatly increases your willpower.
   Fly:       It grants you flight.
Wands
 m - a wand of flame (17)
Scrolls
 e - a scroll of blinking
 g - a scroll of teleportation
 k - a scroll of fog
Potions
 c - 2 potions of invisibility
 d - 4 potions of might
 h - a potion of degeneration {unknown}
 i - a potion of haste {unknown}
 j - a potion of berserk rage {unknown}


   Skills:
 + Level 2.5 Fighting
 + Level 3.9 Short Blades
 + Level 4.9 Dodging
 + Level 6.6 Stealth
 + Level 4.6 Spellcasting
 + Level 5.2 Hexes
 + Level 3.9 Evocations


You had 10 spell levels left.
You knew the following spells:

 Your Spells              Type           Power      Damage    Failure   Level
a - Ensorcelled Hibernat  Hex/Ice        24%        N/A       8%          2
b - Confusing Touch       Hex            21%        N/A       5%          3

Your spell library contained the following spells:

 Spells                   Type           Power      Damage    Failure   Level
 Jinxbite                 Hex            42%        N/A       2%          2
 Tukima's Dance           Hex            21%        N/A       5%          3
 Apportation              Tloc           6%         N/A       16%         1
 Dazzling Flash           Conj/Hex       24%        N/A       16%         3
 Alistair's Intoxication  Alch           2%         N/A       99%         5


Dungeon Overview and Level Annotations

Branches:
Dungeon (4/15)
 Temple: D:4-7

Altars:
Dithmenos
Hepliaklqana
Kikubaaqudgha
Uskayaw
Yredelemnul

Annotations:
D:4 peterlawrence's ghost, amateur MiFi


Innate Abilities, Weirdness & Mutations

You are very small and have problems with some larger weapons.
You are too small for most types of armour.
You have supernaturally acute eyesight. (SInv)
You cover ground extremely quickly. (Speed+++)


Message History

You hit peterlawrence's ghost but do no damage.
Peterlawrence's ghost is heavily damaged.
Peterlawrence's ghost misses you.
You hit peterlawrence's ghost but do no damage.
Peterlawrence's ghost is heavily damaged.
You hit peterlawrence's ghost.
Peterlawrence's ghost is severely damaged.
Peterlawrence's ghost barely misses you.
You closely miss peterlawrence's ghost.
Peterlawrence's ghost is severely damaged.
Peterlawrence's ghost hits you!
* * * LOW HITPOINT WARNING * * *
You are too injured to fight recklessly!
You are too injured to fight recklessly!
You are too injured to fight recklessly!
You are too injured to fight recklessly!
You are too injured to fight recklessly!
You are too injured to fight recklessly!
You are too injured to fight recklessly!
You are too injured to fight recklessly!
You are too injured to fight recklessly!
You are too injured to fight recklessly!
You are too injured to fight recklessly!
You are too injured to fight recklessly!
You are too injured to fight recklessly!
You are too injured to fight recklessly!
You are too injured to fight recklessly!
You are too injured to fight recklessly!
You are too injured to fight recklessly!
You are too injured to fight recklessly!
Casting: Confusing Touch (dangerous; 5% risk of failure)
Confirm with . or Enter, or press ? or * to list all spells.
Okay, then.
You feel better.
Peterlawrence's ghost says, "Are you willing to die fighting?
I was!"
Peterlawrence's ghost hits you.
* * * LOW HITPOINT WARNING * * *
Peterlawrence's ghost attacks as it pursues you!
Peterlawrence's ghost hits you!
You die...

#.....# #######........##.......
'.....# #.#..........##.#.....
#.....######.#..........##.#.#...
.............#.......W.###.#.#.##
#.#.##########.....).<.....#...#.
..#.#..##....#..##.######...####.
....#.>...##.#...#.#...........#.
.#####....##.##..W.#.####.#.##.#.
.# #.###.##.###@###.####.#.##.#.
.####.###.##.# #.##.......#.##.#.
###.......##.# #..'....####.##.#.
......##.....######....# #.##.#.
####..#...........'....####'##.##
ยงยงยง#..##.#.......##............#
####..##.#...###.#.............#
...#..##.#.#.# #.#.............#
...#..##.###.# #.#.....#########


You could see peterlawrence's ghost.

Vanquished Creatures
  Sigmund (D:3)
  A wyvern (D:4)
  A bullfrog (D:3)
  A scorpion (D:4)
  A bombardier beetle (D:4)
  2 orc priests (D:4)
  2 iguanas (D:4)
  Ijyb (D:4)
  A mummy (D:4)
  12 adders
  2 dart slugs
  4 ribbon worms
  3 orcs (D:4)
  6 ball pythons
  12 bats
  8 endoplasms
  6 giant cockroaches
  14 goblins
  7 hobgoblins
  11 jackals
  A frilled lizard (D:2)
  5 kobolds
  A kobold zombie (D:4)
  3 orc zombies (D:4)
  4 rats
110 creatures vanquished.

Notes
Turn   | Place    | Note
-------+----------+-------------------------------------------
     0 | D:1      | Gadfly the Spriggan Enchanter began the quest for the Orb.
     0 | D:1      | Reached XP level 1. HP: 9/9 MP: 5/5
   127 | D:1      | Reached XP level 2. HP: 7/13 MP: 6/6
   152 | D:1      | Learned a level 2 spell: Ensorcelled Hibernation
   342 | D:1      | Reached skill level 1 in Evocations
   519 | D:1      | Reached XP level 3. HP: 17/17 MP: 5/8
   523 | D:1      | Learned a level 3 spell: Confusing Touch
  1470 | D:2      | Reached skill level 1 in Fighting
  1470 | D:2      | Reached skill level 5 in Stealth
  1470 | D:2      | Reached XP level 4. HP: 22/22 MP: 6/9
  2326 | D:3      | Noticed Sigmund
  2336 | D:3      | Killed Sigmund
  2337 | D:3      | Reached XP level 5. HP: 21/25 MP: 1/11
  2337 | D:3      | Reached XP level 6. HP: 25/30 MP: 1/12
  2606 | D:3      | Found a shadowy altar of Dithmenos.
  2610 | D:3      | Found an ancient bone altar of Kikubaaqudgha.
  2615 | D:3      | Found a basalt altar of Yredelemnul.
  2615 | D:3      | Found a hide-covered altar of Uskayaw.
  2622 | D:3      | Found a hazy altar of Hepliaklqana.
  3365 | D:4      | Reached skill level 6 in Stealth
  3735 | D:4      | Identified the ring of Aburi {Fly Will++ Str+6 Slay+3}
  3766 | D:4      | Noticed Ijyb
  3836 | D:4      | Killed Ijyb
  3837 | D:4      | Reached XP level 7. HP: 35/35 MP: 11/14
  4055 | D:4      | Identified a scroll of acquirement
  4055 | D:4      | Acquired 466 gold pieces
  4151 | D:4      | Noticed a wyvern
  4156 | D:4      | Killed a wyvern
  4157 | D:4      | Reached skill level 5 in Hexes
  4289 | D:4      | Found a runed translucent door.
  4418 | D:4      | Noticed peterlawrence's ghost (amateur MiFi)
  4637 | D:4      | Mangled by peterlawrence's ghost

Illustrated notes

Levels and vault maps discovered:
D:1:      minmay_arrival_up_and_down, layout_rooms,
          minmay_misc_feat_secret_circle
D:2:      layout_basic
D:3:      minmay_general_purpose_star, layout_basic,
          nicolae_overflow_hallway_of_the_gods, uniq_sigmund
D:4:      kennysheep_goblin_castle, layout_basic, ebering_ghost_sewer_d,
          minmay_mini_ossuary

Skill      XL: |  1  2  3  4  5  6  7 |
---------------+----------------------+-----
Evocations     | 1 2 3 |  3.9
Dodging        | 3 4 |  4.9
Spellcasting   | 3 4 |  4.6
Short Blades   | 2 3 |  3.9
Fighting       | 1 2 |  2.5
Stealth        | 5 6 |  6.6
Hexes          | 4 5 |  5.2

Action                     |  1- 3 |  4- 6 |  7- 9 || total
---------------------------+-------+-------+-------++-------
  Melee: Dagger            |   137 |   144 |    44 ||   325
         Punch             |       |       |     1 ||     1
   Cast: Ensorcelled Hiber |    27 |    49 |    18 ||    94
         Confusing Touch   |       |     3 |     1 ||     4
    Use: Scroll            |     3 |     4 |     2 ||     9
         Potion            |       |       |     1 ||     1
   Stab: Sleeping          |    16 |    37 |    15 ||    68
         Confused          |       |     2 |     1 ||     3
 Armour: Robe              |    44 |    56 |    14 ||   114
  Dodge: Dodged            |   142 |   135 |    41 ||   318
